 Dungeon Crawl Stone Soup version 0.26-b1-32-g5d43845318 (webtiles) character file.

Game seed: 5056994151058164677

44 roguesci the Skirmisher (level 3, 0/33 HPs)
             Began as a Ghoul Monk on Jan 9, 2021.
             Slain by a goblin
             ... wielding a +0 club
             ... led by Robin
              (3 damage)
             ... on level 2 of the Dungeon.
             The game lasted 00:02:42 (1278 turns).

roguesci the Skirmisher (Ghoul Monk)                Turns: 1278, Time: 00:02:42

Health: 0/33       AC:  2    Str: 14 (15) XL:     3   Next: 62%
Magic:  2/2        EV: 13    Int:  4 (5)  God:
Gold:   27         SH:  0    Dex:  9 (11) Spells: 2/2 levels left

rFire    . . .     SeeInvis .     - Unarmed
rCold    + . .     Faith    .   (no shield)
rNeg     + + +     Spirit   .   a - +0 robe
rPois    ∞         Reflect  .   (no helmet)
rElec    .         Harm     .   (no cloak)
rCorr    .         Rampage  .   (no gloves)
Will     .....                  (no boots)
Stlth    ++........             (no amulet)
HPRegen  0.00/turn              (no ring)
MPRegen  0.08/turn              (no ring)

@: mighty
A: claws 1, cold resistance 1, negative energy resistance 3, inhibited
regeneration, torment resistance, unbreathing
a: no special abilities


You were on level 2 of the Dungeon.
You visited 1 branch of the dungeon, and saw 2 of its levels.

You collected 27 gold pieces.

Inventory:

Armour
 a - a +0 robe (worn)
Jewellery
 f - a +6 ring of strength {unknown}
 g - an uncursed amulet of regeneration {unknown}
Scrolls
 b - a scroll of magic mapping {unknown}
 c - 3 scrolls of identify {unknown}
 d - a scroll of blinking {unknown}
 e - a scroll of teleportation {unknown}
 i - a scroll of amnesia {unknown}


   Skills:
 * Level 3.8 Fighting
 + Level 0.7 Armour
 * Level 3.2 Dodging
 + Level 2.5 Stealth
 + Level 3.5 Unarmed Combat


You had 2 spell levels left.
You didn't know any spells.
Your spell library was empty.

Dungeon Overview and Level Annotations

Branches:
Dungeon (2/15)

Altars:


Innate Abilities, Weirdness & Mutations

You thrive by killing the living.
You are immune to poison.
You have sharp fingernails.
Your flesh is cold resistant. (rC+)
You are immune to negative energy. (rN+++)
You do not regenerate when monsters are visible.
You are immune to unholy pain and torment.
You can survive without breathing.


Message History

You barely miss the goblin. The goblin closely misses you.
Robin roars a battlecry!
The goblins go into a battle-frenzy!
The goblin closely misses you.
You claw the goblin!
You kill the goblin!
The goblin hits you with a +0 club.
* * * LOW HITPOINT WARNING * * *
You claw Robin!
Robin is heavily wounded.
The goblin hits you but does no damage. Robin hits you but does no damage.
You scratch Robin.
Robin is severely wounded.
The goblin hits you with a +0 club.
* * * LOW HITPOINT WARNING * * *
You claw Robin!
You kill Robin!
The goblin wields a +0 hunting sling.
The goblin shoots a stone.
The stone hits you but does no damage. The goblin hits you with a +0 club.
You die...

......#.####..#####.#...
........# #..#####.#...
.......(# #.....##.#...
..#.....####.....##...##
###............###..#
###(..............#
#.####..######..# . #g#
#..# #.. gg #@# #..#


gg. #)# #..# g..g #g####..# ..... #gg.##..#### ...g..#g.........#
..g...'(#.###.#### ......###.# #.# ###... #.# #.# #.# #.# #.# You could see 5
goblins.

Vanquished Creatures
  Robin (D:2)
  An adder (D:2)
  A dart slug (D:1)
  A bat (D:1)
  3 giant cockroaches (D:1)
  7 goblins
  3 hobgoblins (D:1)
  4 jackals (D:1)
  3 frilled lizards
  4 kobolds (D:1)
  4 rats (D:1)
32 creatures vanquished.

Notes
Turn   | Place    | Note
-------+----------+-------------------------------------------
     0 | D:1      | roguesci the Ghoul Monk began the quest for the Orb.
     0 | D:1      | Reached XP level 1. HP: 19/19 MP: 0/0
   493 | D:1      | Reached XP level 2. HP: 26/26 MP: 1/1
   555 | D:1      | You fall into a shaft and drop 1 floor!
  1003 | D:1      | Reached XP level 3. HP: 32/33 MP: 2/2
  1253 | D:2      | Noticed Robin
  1278 | D:2      | Killed Robin
  1278 | D:2      | Slain by a goblin

Illustrated notes

Levels and vault maps discovered:
D:1:      shiori_arrival_oz, layout_loops_ring, minmay_box_of_dots
D:2:      layout_basic, minitemple, solitary_fountain, uniq_robin

Skill      XL: |  1  2 |
---------------+-------+-----
Dodging        | 3 |  3.2
Fighting       | |  3.8
Armour         | |  0.7
Stealth        | |  2.5
Unarmed Combat | |  3.5

Action                   || total
-------------------------++-------
Melee: Unarmed           ||    98
  Use: Potion            ||     2
 Stab: Sleeping          ||     3
Armor: Robe              ||    15
Dodge: Dodged            ||    75
